 Dungeon Crawl Stone Soup version 0.22.1-1-ga44c0e5 (webtiles) character file.

295 pkoi the Slasher (level 6, -6/51 HPs)
             Began as a Minotaur Gladiator on Nov 9, 2018.
             Was a Follower of Ru.
             Mangled by an ogre
             ... wielding a +0 giant club
              (22 damage)
             ... on level 4 of the Dungeon.
             The game lasted 00:03:27 (2274 turns).

pkoi the Slasher (Minotaur Gladiator)               Turns: 2274, Time: 00:03:28

Health: -6/51      AC:  7    Str: 20    XL:     6   Next: 11%
Magic:  5/5        EV: 10    Int:  5    God:    Ru [*.....]
Gold:   139        SH:  4    Dex: 12    Spells: 5/5 levels left

rFire    . . .     SeeInvis .   a - +0 long sword
rCold    + . .     Gourm    .   o - +0 buckler (curse)
rNeg     . . .     Faith    .   q - +2 ring mail {rC+}
rPois    .         Spirit   .   c - +0 hat
rElec    .         Reflect  .   (no cloak)
rCorr    .         Harm     .   (no gloves)
MR       .....                  (no boots)
Stlth    +.........             (no amulet)
HPRegen  0.17/turn              (no ring)
MPRegen  0.09/turn              (no ring)

@: no status effects
A: retaliatory headbutt, horns 2, inability to train dodging
a: Renounce Religion


You were on level 4 of the Dungeon.
You worshipped Ru.
Ru was aware of your devotion.
You were not hungry.

You visited 1 branch of the dungeon, and saw 4 of its levels.

You collected 139 gold pieces.

Inventory:

Hand Weapons
 a - a +0 long sword (weapon)
Missiles
 d - 3 throwing nets (quivered)
Armour
 b - a +0 leather armour
 c - a +0 hat (worn)
 o - a cursed +0 buckler (worn)
 q - a +2 ring mail of cold resistance (worn)
Jewellery
 r - a +3 ring of dexterity {unknown}
Wands
 p - a wand of disintegration (4)
 s - a wand of random effects (18)
Scrolls
 g - a scroll of enchant armour {unknown}
 h - a scroll of fear {unknown}
 i - 2 scrolls of teleportation {unknown}
 j - 3 scrolls of fog {unknown}
 k - a scroll of random uselessness {unknown}
 l - a scroll of identify {unknown}
 m - 4 scrolls of remove curse {unknown}
 t - 3 scrolls of blinking {unknown}
Comestibles
 f - 9 rations
 n - 2 chunks of flesh


   Skills:
 + Level 3.3 Fighting
 + Level 5.3 Long Blades
 + Level 3.7 Throwing
 + Level 2.3 Armour
   Level 0.0 Dodging
 + Level 2.0 Shields


You had 5 spell levels left.
You didn't know any spells.
Your spell library was empty.

Dungeon Overview and Level Annotations

Branches:
Dungeon (4/15)
 Temple: D:4-7

Altars:
Cheibriados
Nemelex Xobeh
Okawaru
Ru
Trog
Uskayaw

Annotations:
D:3 1 runed door


Innate Abilities, Weirdness & Mutations

You reflexively headbutt those who attack you in melee.
You have a pair of horns on your head.
You cannot train Dodging skill.


Message History

There is an open door here.
There is an open door here.
The frilled lizard is stunned by your will and fails to attack.
Your ring mail prevents you from hitting the frilled lizard.
You headbutt the frilled lizard.
You kill the frilled lizard!
You slash the ogre!
The ogre is moderately wounded.
The ogre barely misses you.
You hit the ogre but do no damage.
The ogre is moderately wounded.
The ogre hits you with a giant club!!
You hit the ogre.
The ogre is heavily wounded.
The ogre hits you with a giant club!
* * * LOW HITPOINT WARNING * * *
You barely miss the ogre. You headbutt the ogre.
The ogre is severely wounded.
The ogre hits you with a giant club!!
You die...

...........##### ###'##
................ #.....
................ ##....
.......................#....
.....................g.#....
.......#O##.... .....gg#....
.......#..# . .......#....
........#..########.....#....
........#..O@.....#.....#....
........#..##.....#.....#g...
........#..##.....+.....'g...
............+...'.....#.....#....
............#..###+####.....#####
............#..#.................
......(.....#'##.................
.......................#####.....
.......................#...#.....


You could see an ogre.

Vanquished Creatures
  Edmund (D:4)
  A worker ant (D:4)
  A hound skeleton (D:4)
  A gnoll (D:3)
  7 adders
  An ooze (D:3)
  2 worms (D:3)
  A leopard gecko (D:2)
  3 orcs (D:3)
  A ball python (D:2)
  4 giant cockroaches
  5 goblins
  8 hobgoblins
  6 jackals (D:1)
  A quokka (D:3)
  5 bats
  3 frilled lizards
  4 kobolds
  6 rats
61 creatures vanquished.

Notes
Turn   | Place    | Note
-------+----------+-------------------------------------------
     0 | D:1      | pkoi the Minotaur Gladiator began the quest for the Orb.
     0 | D:1      | Reached XP level 1. HP: 18/18 MP: 0/0
    84 | D:1      | Reached skill level 4 in Long Blades
    95 | D:1      | Reached XP level 2. HP: 25/25 MP: 1/1
   443 | D:2      | Reached XP level 3. HP: 30/30 MP: 2/2
   744 | D:2      | Found a sacrificial altar of Ru.
   752 | D:2      | Became a worshipper of Ru the Awakened
   888 | D:3      | Found a snail-covered altar of Cheibriados.
   895 | D:3      | Found a hide-covered altar of Uskayaw.
   902 | D:3      | Reached XP level 4. HP: 25/37 MP: 3/3
  1009 | D:3      | Found a bloodstained altar of Trog.
  1011 | D:3      | Found an iron altar of Okawaru.
  1011 | D:3      | Found a sparkling altar of Nemelex Xobeh.
  1055 | D:3      | Reached skill level 1 in Armour
  1243 | D:3      | Reached skill level 5 in Long Blades
  1243 | D:3      | Reached skill level 1 in Shields
  1414 | D:3      | Found a runed door.
  1741 | D:4      | Reached XP level 5. HP: 40/44 MP: 4/4
  2005 | D:4      | Noticed Edmund
  2047 | D:4      | Killed Edmund
  2047 | D:4      | Reached XP level 6. HP: 51/51 MP: 5/5
  2205 | D:4      | Gained mutation: You cannot train Dodging skill. [Ru
                  | sacrifice]
  2205 | D:4      | Reached * piety under Ru
  2274 | D:4      | Mangled by an ogre

Skill      XL: |  1  2  3  4  5  6 |
---------------+-------------------+-----
Long Blades    | 4 5 |  5.3
Throwing       | 3 |  3.7
Armour         | 1 2 |  2.3
Shields        | 1 2 |  2.0
Fighting       | 3 |  3.3
Dodging        | 4 0 |  0.0

Action                   |  1- 3 |  4- 6 || total
-------------------------+-------+-------++-------
Melee: Long sword        |    65 |    74 ||   139
       Headbutt          |     9 |    14 ||    23
Invok: Sacrifice Nimblen |       |     1 ||     1
  Use: Potion            |       |     4 ||     4
  Eat: Chunk             |       |     4 ||     4
Armor: Leather armour    |    18 |       ||    18
       Ring mail         |       |    13 ||    13
       Skin              |       |    11 ||    11
Dodge: Dodged            |    47 |    34 ||    81
Block: Buckler           |     2 |    12 ||    14
       Rpst.: Long sword |    15 |     8 ||    23
